 Dungeon Crawl Stone Soup version 0.30.0-19-g36f170ea60 (webtiles) character file.

Game seed: 10977860653931514278

3518 Graphine the Spear-Bearer (level 10, 0/73 (83) HPs)
             Began as a Merfolk Fighter on May 29, 2023.
             Was a Believer of Makhleb.
             Slain by a wight
             ... wielding a +5 great sword of freezing
              (12 damage)
             ... on level 8 of the Dungeon.
             The game lasted 00:22:19 (7685 turns).

Graphine the Spear-Bearer (Merfolk Fighter)         Turns: 7685, Time: 00:22:20

HP:   0/73 (83)     AC:  8    Str: 20    XL:     10   Next: 8%
MP:   13/13         EV: 18    Int:  6    God:    Makhleb [**....]
Gold: 237           SH:  5    Dex: 20    Spells: 10/13 levels left

rFire   + + .        a - +0 trident (venom)
rCold   + . .        c - +0 buckler
rNeg    . . .        d - +0 steam dragon scales
rPois   .            e - +1 helmet
rElec   .            k - scarf {rC+ rF+}
rCorr   .            l - +0 pair of gloves
SInv    .            (no boots)
Will    .....        (no amulet)
Stlth   ++           A - ring of flight
HPRegen 0.32/turn    B - +6 ring of dexterity
MPRegen 0.13/turn

%: no passive effects
@: flying, hasted, heavily drained, very quick
A: (nimble swimmer 2), mertail, dopey 1, fire resistance 1, subdued magic 1,
MP-powered wands
a: Renounce Religion, Minor Destruction


You were on level 8 of the Dungeon.
You worshipped Makhleb.
Makhleb was pleased with you.
You visited 1 branch of the dungeon, and saw 8 of its levels.

You collected 517 gold pieces.
You spent 280 gold pieces at shops.

Inventory:

Hand Weapons
 a - a +0 trident of venom (weapon)
 n - a +0 long sword of holy wrath
Missiles
 v - 3 boomerangs (quivered)
Armour
 c - a +0 buckler (worn)
 d - +0 steam dragon scales (worn)
 e - a +1 helmet (worn)
 k - a scarf of resistance (worn)
 l - a +0 pair of gloves (worn)
Jewellery
 A - a ring of flight (left hand)
 B - a +6 ring of dexterity (right hand)
Wands
 i - a wand of roots (22)
Scrolls
 g - 3 scrolls of vulnerability
 q - 2 scrolls of blinking
 r - 7 scrolls of teleportation
 z - 2 scrolls of magic mapping
Potions
 f - 2 potions of attraction
 h - a potion of cancellation
 j - a potion of lignification
 m - 3 potions of magic
 p - a potion of resistance {unknown}
 s - 2 potions of flight {unknown}
 t - a potion of degeneration {unknown}
 u - 3 potions of brilliance {unknown}
 w - a potion of curing {unknown}


   Skills:
 * Level 9.1 Fighting
 * Level 10.2 Polearms
 - Level 2.1 Armour
 * Level 9.8 Dodging
 - Level 3.0 Shields
 - Level 2.0 Spellcasting
 - Level 3.0 Summonings
 - Level 3.0 Transmutations


You had 10 spell levels left.
You knew the following spells:

 Your Spells              Type           Power      Damage    Failure   Level
a - Summon Small Mammal   Summ           12%        N/A       12%         1
b - Wereblood             Tmut           3%         N/A       19%         2

Your spell library contained the following spells:

 Spells                   Type           Power      Damage    Failure   Level
 Sublimation of Blood     Necr           0%         N/A       54%         2
 Summon Guardian Golem    Hex/Summ       1%         N/A       58%         3
 Gell's Gravitas          Tloc           0%         N/A       80%         3
 Teleport Other           Tloc           0%         N/A       80%         3
 Dispersal                Tloc           0%         N/A       100%        6
 Orb of Destruction       Conj           0%         9d5       100%        7
 Spellforged Servitor     Conj/Summ      0%         N/A       100%        7
 Summon Hydra             Summ           1%         N/A       100%        7


Dungeon Overview and Level Annotations

Branches:
Dungeon (8/15)             Temple (0/1) D:4
   Lair: D:8-11

Altars:
Ashenzari
Dithmenos
Elyvilon
Makhleb
Sif Muna
Uskayaw
Zin

Shops:
D:4 :   D:6 *   D:7 [


Innate Abilities, Weirdness & Mutations

((You are very nimble when in or above water. (Stealth+, EV+, Speed+++)))
Your lower body shifts to a powerful aquatic tail in water.
You are dopey. (Int -2)
Your flesh is heat resistant. (rF+)
Your spells are a little easier to cast, but a little less powerful.
You expend magic power (3 MP) to strengthen your wands.


Message History

You closely miss the wight. The wight closely misses you.
You hit the wight but do no damage. You barely miss the wight.
The wight hits you with a +5 great sword of freezing!
You feel drained. The wight freezes you.
You hit the wight but do no damage.
The wight hits you with a +5 great sword of freezing!
You feel drained. The wight freezes you.
You hit the wight.
The wight is lightly damaged.
The wight misses you.
You closely miss the wight.
The wight is lightly damaged.
The wight closely misses you.
You closely miss the wight.
The wight is lightly damaged.
You completely miss the wight.
The wight is lightly damaged.
The wight hits you with a +5 great sword of freezing!
You feel drained. The wight freezes you.
Reach: a) +0 trident (venom)
Press: ? - help, Dir - move target, f/p - wight
Aim: a wight, wielding a +5 great sword of freezing and wearing a +0 robe (lightly damaged, about 30% to evade your +0 trident of venom)
You hit the wight but do no damage.
The wight is lightly damaged.
The wight hits you with a +5 great sword of freezing!
You feel drained. The wight freezes you.
Reach: a) +0 trident (venom)
Press: ? - help, Dir - move target, f/p - wight
Aim: a wight, wielding a +5 great sword of freezing and wearing a +0 robe (lightly damaged, about 30% to evade your +0 trident of venom)
You hit the wight.
The wight is lightly damaged.
The wight hits you with a +5 great sword of freezing!
* * * LOW HITPOINT WARNING * * *
The wight freezes you.
* * * LOW HITPOINT WARNING * * *
Okay, then.
You feel yourself speed up.
The wight hits you with a +5 great sword of freezing!
You die...

####+#####...###..########.##
...........(................#
..................[.........#
............................#
...........................#
...........................##
............................+
..................<.).......#
#....###########@##...##...#....
#....##...##..##z##...###### .
.....#.....zz...z.#....#
.....#............#....#
.....'............#....#
.....#............#....#
########..#..#...##...##
################


You could see 2 wights.

Vanquished Creatures
  3 yaks (D:7)
  4 steam dragons
  A water moccasin (D:7)
  2 orc warriors
  A sky beast (D:6)
  An ice beast (D:6)
  2 black bears
  3 ogres
  3 bullfrogs
  4 scorpions
  3 wights (D:7)
  4 killer bees (D:6)
  4 howler monkeys
  2 hounds
  3 jellies
  4 orc priests
  4 iguanas
  5 orc wizards
  4 adders
  A white imp (D:6)
  An ufetubus (D:7)
  3 worms (D:2)
  3 dart slugs
  24 orcs
  6 ball pythons
  11 endoplasms
  4 giant cockroaches
  7 hobgoblins
  11 jackals
  5 quokkas
  4 bats
  4 frilled lizards
  2 goblins (D:2)
  4 kobolds
  4 rats
151 creatures vanquished.

Vanquished Creatures (collateral kills)
  A bullfrog (D:7)
  An orc (D:7)
2 creatures vanquished.

Vanquished Creatures (others)
  An orc (D:7)
1 creature vanquished.

Grand Total: 154 creatures vanquished

Notes
Turn   | Place    | Note
-------+----------+-------------------------------------------
     0 | D:1      | Graphine the Merfolk Fighter began the quest for the Orb.
     0 | D:1      | Reached XP level 1. HP: 18/18 MP: 1/1
   207 | D:1      | Found a faded altar of an unknown god.
   217 | D:1      | Got Plato's Volume of Convocation
   265 | D:1      | Reached skill level 3 in Polearms
   265 | D:1      | Reached skill level 1 in Dodging
   265 | D:1      | Reached XP level 2. HP: 24/24 MP: 2/2
  1323 | D:2      | Reached XP level 3. HP: 24/30 MP: 3/3
  1982 | D:2      | Reached XP level 4. HP: 37/37 MP: 4/4
  2680 | D:3      | Found a burning altar of Makhleb.
  2699 | D:3      | Became a worshipper of Makhleb the Destroyer
  2983 | D:3      | Reached skill level 4 in Polearms
  3079 | D:3      | Reached skill level 1 in Summonings
  3130 | D:3      | You fall into a shaft and drop 2 floors!
  3130 | D:5      | Entered Level 5 of the Dungeon
  3167 | D:5      | Reached skill level 1 in Spellcasting
  3172 | D:5      | Reached XP level 5. HP: 42/42 MP: 6/6
  3273 | D:4      | HP: 1/42 [orc/+0 hand axe (6)]
  3286 | D:4      | Reached * piety under Makhleb
  3431 | D:4      | Learned a level 1 spell: Summon Small Mammal
  3520 | D:4      | Reached XP level 6. HP: 23/49 MP: 8/8
  3828 | D:4      | Found Bius's Book Boutique.
  4084 | D:4      | Reached skill level 5 in Polearms
  4199 | D:4      | Found a glowing silver altar of Zin.
  4202 | D:4      | Found a shadowy altar of Dithmenos.
  4206 | D:4      | Found a white marble altar of Elyvilon.
  4207 | D:4      | Found a hide-covered altar of Uskayaw.
  4240 | D:4      | Reached skill level 5 in Fighting
  4240 | D:4      | Reached XP level 7. HP: 53/56 MP: 10/10
  4250 | D:4      | Found a staircase to the Ecumenical Temple.
  4421 | D:5      | Found a shimmering blue altar of Sif Muna.
  4617 | D:5      | Noticed a steam dragon
  4629 | D:5      | Killed a steam dragon
  4683 | D:5      | Reached skill level 6 in Polearms
  4683 | D:5      | Reached skill level 5 in Dodging
  4767 | D:5      | Reached XP level 8. HP: 49/64 MP: 11/11
  5074 | D:6      | Reached skill level 7 in Polearms
  5085 | D:6      | HP: 2/65 [cloud of flame (14)]
  5088 | D:6      | Reached ** piety under Makhleb
  5114 | D:6      | Reached skill level 8 in Polearms
  5131 | D:6      | Reached XP level 9. HP: 33/72 MP: 12/12
  5459 | D:6      | Found Zeqits's Neck Hole.
  5563 | D:4      | Bought a book of Blood for 280 gold pieces
  5633 | D:6      | Learned a level 2 spell: Wereblood
  5672 | D:6      | Reached skill level 1 in Transmutations
  6129 | D:7      | Found a broken altar of Ashenzari.
  6467 | D:7      | Reached skill level 9 in Polearms
  7051 | D:7      | Reached skill level 10 in Polearms
  7051 | D:7      | Reached XP level 10. HP: 83/83 MP: 13/13
  7055 | D:7      | Found Seabriquq's Armour Boutique.
  7518 | D:7      | Gained mutation: You are dopey. (Int -2) [potion of
                  | mutation]
  7518 | D:7      | Gained mutation: You expend magic power (3 MP) to
                  | strengthen your wands. [potion of mutation]
  7518 | D:7      | Gained mutation: Your spells are a little easier to cast,
                  | but a little less powerful. [potion of mutation]
  7518 | D:7      | Gained mutation: Your flesh is heat resistant. (rF+)
                  | [potion of mutation]
  7685 | D:8      | Slain by a wight

Illustrated notes

Levels and vault maps discovered:
D:1:      amcnicky_arrival_choice, layout_basic,
          shapermc_ecumenical_altar_rom_forum
D:2:      minmay_inner_zag, layout_loops_corners, kennysheep_generic_room_15
D:3:      layout_basic, bloody_makhleb, kennysheep_generic_room_10
D:4:      layout_gridville, minitemple, minmay_temple_entry_arrows,
          serial_shops, shop, saegor_snake_ambush
D:5:      layout_rooms, amcnicky_altar_gilded,
          nicolae_concentric_dashed_squares_wild
D:6:      layout_basic, nicolae_shop_sticking_my_neck_out
D:7:      layout_gridville, mainiacjoe_overflow_catwalk, serial_shops,
          shop_fountains
D:8:      layout_gridville, minmay_misc_feat_tiny

Skill      XL: |  1  2  3  4  5  6  7  8  9 |
---------------+----------------------------+-----
Polearms       | 3 4 5 6 8 10 | 10.2
Dodging        | 1 2 3 4 5 7 9 |  9.8
Fighting       | 4 5 6 7 9 |  9.1
Summonings     | 1 2 3 |  3.0
Spellcasting   | 1 2 |  2.0
Transmutations | 3 |  3.0
Armour         | |  2.1
Shields        | |  3.0

Action                     |  1- 3 |  4- 6 |  7- 9 | 10-12 || total
---------------------------+-------+-------+-------+-------++-------
  Melee: Trident           |   124 |   221 |   205 |    55 ||   605
         Tailslap          |       |     2 |       |       ||     2
  Throw: Boomerang         |       |       |    22 |     4 ||    26
   Cast: Wereblood         |       |       |     3 |       ||     3
    Use: Scroll            |       |     6 |     9 |     4 ||    19
         Potion            |       |     4 |     4 |     2 ||    10
   Stab: Sleeping          |     5 |     1 |     1 |     1 ||     8
 Armour: Ring mail         |       |    51 |     7 |       ||    58
         Steam dragon scal |       |       |    48 |    17 ||    65
  Dodge: Dodged            |    43 |   114 |   128 |    22 ||   307
  Block: Buckler           |    19 |    45 |    43 |     5 ||   112
